 Dungeon Crawl Stone Soup version 0.17.0-28-g6e173f8 (webtiles) character file.

422 Opium the Sneak (level 7, -1/45 HPs)
             Began as a Halfling Assassin on Dec 2, 2015.
             Slain by a giant frog (4 damage)
             ... on level 5 of the Dungeon.
             The game lasted 00:38:08 (4948 turns).

Opium the Sneak (Halfling Assassin)                 Turns: 4948, Time: 00:38:09

Health: -1/45      AC:  5    Str: 16    XL:     7   Next: 17%
Magic:  7/7        EV: 17    Int: 10    God:
Gold:   109        SH:  0    Dex: 17    Spells: 0 memorised, 6 levels left

rFire  . . .     SeeInvis .     a - +2 dagger
rCold  . . .     Clarity  .     c - +0 robe
rNeg   . . .     SustAt   .     (shield restricted)
rPois  .         Gourm    .     m - +0 helmet
rElec  .         Spirit   .     d - +0 cloak
rCorr  .         Warding  .     v - +0 pair of gloves
rMut   .         Stasis   .     (no boots)
MR     .....                    (no amulet)
Stlth  ++++......               o - +4 ring of strength
                                i - ring of flight

@: not resistant to hostile enchantments, stealthy
A: mutation resistance 1
a: Evoke Flight


You were on level 5 of the Dungeon.
You were not hungry.

You visited 1 branch of the dungeon, and saw 5 of its levels.

You collected 109 gold pieces.

Inventory:

Hand Weapons
 a - a +2 dagger (weapon)
 b - a +0 blowgun
 k - a +0 hunting sling
 w - a +0 falchion of draining
Missiles
 e - 7 poisoned needles
 f - 2 curare-tipped needles
 l - 105 stones (quivered)
 p - 21 sling bullets
Armour
 c - a +0 robe (worn)
 d - a +0 cloak (worn)
 m - a +0 helmet (worn)
 v - a +0 pair of gloves (worn)
Jewellery
 i - a ring of flight (left hand)
 j - a +3 ring of intelligence {unknown}
 o - a +4 ring of strength (right hand)
Scrolls
 n - a scroll of magic mapping
 q - 2 scrolls of remove curse
 x - a scroll of teleportation {unknown}
 y - a scroll of enchant armour {unknown}
Potions
 h - a potion of degeneration {unknown}
 s - a potion of cure mutation
 t - a potion of poison {unknown}
 u - a potion of brilliance {unknown}
Comestibles
 g - 3 bread rations


   Skills:
 * Level 2.8 Fighting
 + Level 3.6 Short Blades
 + Level 3.4 Throwing
 + Level 4.6 Dodging
 + Level 6.2 Stealth


You had 6 spell levels left.
You didn't know any spells.

Dungeon Overview and Level Annotations

Branches:
Dungeon (5/15)             Temple (0/1) D:4

Altars:
Kikubaaqudgha
Makhleb
Sif Muna


Innate Abilities, Weirdness & Mutations

You are small and have problems with some larger weapons.
You are somewhat resistant to further mutation.


Message History

There is an escape hatch in the floor here.
The giant frog hits you.
* * * LOW HITPOINT WARNING * * *
The giant frog hits you but does no damage.
You slide downwards.
The hatch slams shut behind you. The giant frog barely misses you.
The giant frog barely misses you.
You hit the giant frog.
The giant frog is lightly wounded.
The giant frog hits you but does no damage.
You barely miss the giant frog.
The giant frog is lightly wounded.
The giant frog barely misses you.
You hit the giant frog.
The giant frog is lightly wounded.
The giant frog barely misses you. x2
You hit the giant frog.
The giant frog is moderately wounded.
The giant frog hits you.
You die...

#.#
#.#
#.#
#.#
#.#
#.#
#.#
#@#
#F#
#.#
#.#
#.#
#.#
#.#
#.#
#.#


You could see a giant frog.

Vanquished Creatures
  An ogre (D:4)
  A scorpion (D:4)
  An orc wizard (D:4)
  2 hounds
  Natasha (twice) (D:3)
  A worker ant (D:4)
  An adder (D:4)
  An ooze (D:3)
  8 worms
  3 giant geckos
  9 orcs
  16 bats
  5 giant cockroaches
  10 hobgoblins
  9 jackals
  8 kobolds
  5 quokkas
  2 ball pythons
  2 giant gecko skeletons (D:4)
  5 giant newts
  12 goblins
  A quokka zombie (D:3)
  18 rats
123 creatures vanquished.

Notes
Turn   | Place    | Note
--------------------------------------------------------------
     0 | D:1      | Opium the Halfling Assassin began the quest for the Orb.
     0 | D:1      | Reached XP level 1. HP: 14/14 MP: 1/1
   144 | D:1      | Reached XP level 2. HP: 19/19 MP: 2/2
   349 | D:1      | Reached skill level 5 in Stealth
   643 | D:1      | Reached XP level 3. HP: 24/24 MP: 3/3
  1042 | D:2      | Found an ancient bone altar of Kikubaaqudgha.
  1473 | D:2      | Found a burning altar of Makhleb.
  1476 | D:2      | Reached XP level 4. HP: 29/29 MP: 4/4
  2429 | D:3      | Reached XP level 5. HP: 34/34 MP: 5/5
  3278 | D:3      | Noticed Natasha
  3291 | D:3      | Killed Natasha
  3317 | D:3      | Reached skill level 6 in Stealth
  3600 | D:3      | Noticed Natasha
  3612 | D:3      | Killed Natasha
  3663 | D:3      | Reached XP level 6. HP: 41/41 MP: 6/6
  4268 | D:4      | Found a staircase to the Ecumenical Temple.
  4377 | D:4      | Reached XP level 7. HP: 45/45 MP: 7/7
  4413 | D:4      | Found a deep blue altar of Sif Muna.
  4938 | D:4      | HP: 2/45 [giant frog (3)]
  4939 | D:5      | Entered Level 5 of the Dungeon
  4948 | D:5      | Slain by a giant frog

Action                   |  1- 3 |  4- 6 |  7- 9 || total
-------------------------+-------+-------+-------++-------
Melee: Dagger            |    93 |   344 |    40 ||   477
 Fire: Blowgun           |    12 |    21 |     2 ||    35
       Hunting sling     |     4 |       |       ||     4
Throw: Stone             |       |    47 |       ||    47
  Use: Scroll            |     3 |     6 |     2 ||    11
       Potion            |     1 |     2 |     1 ||     4
 Stab: Sleeping          |    15 |    13 |     2 ||    30
  Eat: Chunk             |     2 |     3 |       ||     5
       Pizza             |       |     1 |       ||     1
       Meat ration       |       |     1 |       ||     1
       Bread ration      |       |       |     1 ||     1
